 Seeded DCSS version 0.30.1-9-gdf580d7c3d (webtiles) character file.

Game seed: 5 (custom seed)

7739 Kazon the Myrmidon (level 11, -4/80 HPs)
             Began as a Human Fighter on Oct 17, 2023.
             Was an Elder of Okawaru.
             Slain by Maurice
             ... wielding a +0 halberd
              (12 damage)
             ... on level 9 of the Dungeon.
             The game lasted 00:40:55 (6855 turns).

Kazon the Myrmidon (Human Fighter)                  Turns: 6855, Time: 00:40:55

Health: -4/80      AC:  0    Str: 21    XL:     11   Next: 42%
Magic:  0/16       EV: 26    Int:  8    God:    Okawaru [****..]
Gold:   0          SH:  0    Dex: 18    Spells: 10/10 levels left

rFire   . . .        s - melded +3 halberd (vamp)
rCold   . . .        (shield currently unavailable)
rNeg    . . .        T - melded +0 steam dragon scales
rPois   .            x - melded +0 helmet
rElec   .            (cloak currently unavailable)
rCorr   .            M - melded +0 pair of gloves
SInv    .            (boots currently unavailable)
Will    .....        D - amulet of guardian spirit
Stlth   ++++         R - melded ring of magical power
HPRegen 0.33/turn    S - melded +4 ring of protection
MPRegen 0.15/turn

%: guardian spirit
@: lethally poisoned (-4 -> -6), bat-form, heroic, flying, very quick
A: fast, flying, no casting, tiny
a: Renounce Religion, Heroism, Finesse


You were on level 9 of the Dungeon.
You worshipped Okawaru.
Okawaru was greatly pleased with you.
You were a bat.
You visited 2 branches of the dungeon, and saw 10 of its levels.
You also visited: Ossuary.

You collected 142 gold pieces.
You spent 142 gold pieces at shops.

Inventory:

Hand Weapons
 a - a +0 war axe
 e - a +2 vampiric dagger
 s - a +3 vampiric halberd (melded)
 v - a +0 vampiric hand axe
Missiles
 g - 18 boomerangs (quivered)
 k - 9 stones
 G - 7 poisoned darts
 O - a silver javelin
 Q - 2 throwing nets
Armour
 x - a +0 helmet (melded)
 M - a +0 pair of gloves (melded)
 T - +0 steam dragon scales (melded)
Jewellery
 D - an amulet of guardian spirit (around neck)
 R - a ring of magical power (melded)
 S - a +4 ring of protection (melded)
Wands
 n - a wand of digging (7)
 P - a wand of light (5)
Scrolls
 i - 4 scrolls of identify
 l - 2 scrolls of fog {unknown}
 m - a scroll of teleportation
 p - 2 scrolls of magic mapping {unknown}
 u - a scroll of amnesia {unknown}
 z - a scroll of torment {unknown}
 F - a scroll of poison {unknown}
 H - a scroll of enchant armour {unknown}
 I - 2 scrolls of fear {unknown}
 L - a scroll of enchant weapon {unknown}
Potions
 b - a potion of cancellation {unknown}
 d - a potion of might
 h - 4 potions of curing
 j - a potion of resistance {unknown}
 r - 2 potions of invisibility {unknown}
 t - 5 potions of flight {unknown}
 w - 2 potions of berserk rage {unknown}
 A - 4 potions of heal wounds {unknown}
 C - a potion of lignification {unknown}
 E - 4 potions of attraction {unknown}
 J - a potion of haste {unknown}
 K - 3 potions of brilliance {unknown}


   Skills:
 + Level 5.2(10.2) Fighting
 * Level 0.9(5.9) Short Blades
 + Level 5.2(12.0) Axes
 + Level 7.2(13.0) Polearms
 + Level 5.0(10.0) Throwing
 + Level 6.2(11.2) Armour
 + Level 3.6(8.6) Dodging
 + Level 3.0(8.0) Stealth
 + Level 5.3(10.3) Shields
 * Level 7.2 Invocations
 * Level 6.5 Evocations


You had 10 spell levels left.
You didn't know any spells.
Your spell library contained the following spells:

 Spells                   Type           Power      Damage    Failure   Level
 Frozen Ramparts          Ice            0%         1d1       78%         3
 Ignite Poison            Fire/Tmut/Pois 0%         N/A       78%         3
 Ice Form                 Ice/Tmut       0%         N/A       99%         4
 Sticky Flame             Conj/Fire      0%         2d3       99%         4
 Eringya's Noxious Bog    Tmut/Pois      0%         N/A       100%        6
 Ignition                 Fire           0%         3d3       100%        8
 Summon Ice Beast         Ice/Summ       Unusable   N/A       N/A         4
 Summon Forest            Summ/Tloc      Unusable   N/A       N/A         5
 Summon Hydra             Summ           Unusable   N/A       N/A         7

Dungeon Overview and Level Annotations

Branches:
Dungeon (9/15)             Temple (1/1) D:4            Lair (0/5) D:8
Ossuary (visited)
    Orc: D:9-12

Altars:
Dithmenos
Fedhas
Gozag
Hepliaklqana
Okawaru
Qazlal
Trog
Uskayaw
Wu Jian
Xom
The Shining One

Shops:
D:8 *

Annotations:
D:9 Maurice


Message History

The hornet stings you.
You are poisoned.
You feel yourself slow down. The kobold hits you but does no damage.
The hornet stings you but does no damage.
Something hits you!
* * * LOW HITPOINT WARNING * * *
Something groans, "What are you, a monk?"
You hit the hornet.
You kill the hornet!
Okawaru accepts your kill.
You feel very sick. The kobold misses you.
Something hits you but does no damage.
You feel very sick.
The howler monkey hoots and howls with incredible vigour!
Something hits you but does no damage. The kobold barely misses you.
You see here a hornet corpse.
You slash something!
You feel better.
You feel sick.
You hear a zap.
You turn into a bat.
Your +3 vampiric halberd melds into your body.
Your +0 helmet melds into your body.
Your +0 pair of gloves melds into your body.
Your +0 steam dragon scales melds into your body.
Your ring of magical power melds into your body.
Your +4 ring of protection melds into your body.
You feel the dreadful sensation subside.
You feel your magic capacity decrease. The kobold hits you with a +0 whip.
* * * LOW HITPOINT WARNING * * *
You hit something.
You feel yourself speed up.
You feel sick. Something closely misses you. The kobold barely misses you.
Something hits you!
* * * LOW HITPOINT WARNING * * *
Something mutters, "Now where did you hide it?"
Something blocks your attack. The kobold completely misses you.
Unknown command.
You hit the kobold.
You kill the kobold!
You feel sick. Something hits you!
You die...

##################
.........h{b)K)K.#
#################.#
###.# #.# ....# #.#
....####### #.#
..........# #.#
....#####.###########.#
...>###.............#.##
###.##....#.....#......#


You could see a howler monkey and 2 kobolds.

Vanquished Creatures
  A two-headed ogre (D:7)
  2 polar bears (D:8)
  A hornet (D:9)
  A shadow (D:9)
  Sigmund (D:4)
  A vampire (D:9)
  A wyvern (D:8)
  A yak (D:8)
  3 basilisks (D:8)
  A steam dragon (D:8)
  Duvessa (D:6)
  6 water moccasins
  An ice beast (D:8)
  An orc warrior (D:9)
  A sky beast (D:7)
  5 black bears
  5 centaurs
  2 ogres
  3 wolves (D:8)
  An elf zombie (Ossuary)
  A kobold brigand (D:7)
  A bullfrog (D:8)
  A gnoll sergeant (D:8)
  3 scorpions
  15 wights
  4 killer bees (D:7)
  Dowan (D:6)
  2 howler monkeys
  A vampire bat (D:7)
  An electric eel (D:8)
  6 hounds
  A wyvern simulacrum (D:8)
  A centaur zombie (Ossuary)
  4 orc priests
  3 human zombies (Ossuary)
  A jelly (D:5)
  6 iguanas
  9 orc wizards
  4 ogre zombies (Ossuary)
  A centaur simulacrum (D:8)
  7 mummies (Ossuary)
  11 gnolls
  9 adders
  A shadow imp (D:8)
  A white imp (D:7)
  2 ufetubi
  A worm zombie (D:7)
  2 adder zombies (Ossuary)
  3 worms
  24 orcs
  12 bats
  9 endoplasms
  A giant cockroach (D:1)
  12 goblins
  7 hobgoblins
  11 jackals
  11 kobolds
  3 quokkas (D:4)
  6 ball pythons
  3 frilled lizards
  4 goblin zombies (Ossuary)
  6 hobgoblin zombies
  3 kobold zombies
  4 quokka zombies (Ossuary)
  4 rats
  4 rat zombies (Ossuary)
266 creatures vanquished.

Notes
Turn   | Place    | Note
-------+----------+-------------------------------------------
     0 | D:1      | Kazon the Human Fighter began the quest for the Orb.
     0 | D:1      | Reached XP level 1. HP: 18/18 MP: 1/1
    54 | D:1      | Identified a scroll of acquirement
    54 | D:1      | Acquired a +3 vampiric halberd
   106 | D:1      | Reached XP level 2. HP: 24/24 MP: 2/2
   480 | D:1      | Reached XP level 3. HP: 29/29 MP: 3/3
   853 | D:2      | Reached skill level 1 in Polearms
   904 | D:2      | Reached XP level 4. HP: 35/35 MP: 4/4
  1247 | D:2      | Reached skill level 1 in Stealth
  1295 | D:2      | Reached XP level 5. HP: 41/41 MP: 5/5
  1299 | D:2      | Reached skill level 1 in Throwing
  1556 | D:3      | Found a blossoming altar of Fedhas.
  1649 | D:3      | Found a stormy altar of Qazlal.
  1779 | D:3      | Identified the +2 sling "Qeuhanocyt" {speed, rElec Str-3
                  | Dex+2}
  1807 | D:3      | Found a faded altar of an unknown god.
  1962 | D:4      | Found a staircase to the Ecumenical Temple.
  1970 | Temple   | Entered the Ecumenical Temple
  1984 | Temple   | Became a worshipper of Warmaster Okawaru
  2056 | D:4      | Found a hazy altar of Hepliaklqana.
  2057 | D:4      | Found a shadowy altar of Dithmenos.
  2057 | D:4      | Noticed a shadow
  2097 | D:4      | Noticed Sigmund
  2106 | D:4      | Killed Sigmund
  2107 | D:4      | Reached skill level 1 in Invocations
  2107 | D:4      | Reached XP level 6. HP: 47/47 MP: 6/6
  2107 | D:4      | Noticed a black bear
  2113 | D:4      | Killed a black bear
  2114 | D:4      | Reached skill level 1 in Evocations
  2114 | D:4      | Reached XP level 7. HP: 52/52 MP: 8/8
  2132 | D:4      | You fall into a shaft and drop 2 floors!
  2144 | D:6      | Reached * piety under Okawaru
  2183 | D:5      | Entered Level 5 of the Dungeon
  2857 | D:5      | Reached XP level 8. HP: 53/60 MP: 9/9
  2960 | D:5      | Reached skill level 1 in Dodging
  2983 | D:5      | Reached skill level 5 in Polearms
  3233 | D:6      | Noticed Dowan
  3243 | D:6      | Killed Dowan
  3250 | D:6      | Noticed Duvessa
  3261 | D:6      | Killed Duvessa
  3261 | D:6      | Reached ** piety under Okawaru
  3376 | D:6      | Found a shimmering altar of Xom.
  3413 | D:6      | Reached XP level 9. HP: 65/65 MP: 12/12
  3619 | D:7      | Noticed a two-headed ogre
  3626 | D:7      | Killed a two-headed ogre
  3626 | D:7      | Reached *** piety under Okawaru
  3627 | D:7      | Reached skill level 5 in Armour
  3659 | D:7      | Reached skill level 5 in Invocations
  3722 | D:7      | Found a sand-covered staircase.
  3742 | Ossuary  | Entered an ossuary
  3793 | Ossuary  | Received a gift from Okawaru
  3794 | Ossuary  | Reached XP level 10. HP: 67/73 MP: 13/13
  4182 | Ossuary  | Reached skill level 5 in Evocations
  4442 | D:7      | Reached **** piety under Okawaru
  4956 | D:7      | Received a gift from Okawaru
  5159 | D:8      | HP: 3/73 [gnoll sergeant/+0 spear (5)]
  5431 | D:8      | Reached skill level 5 in Fighting
  5556 | D:8      | Found a staircase to the Lair.
  5593 | D:8      | Reached XP level 11. HP: 65/79 MP: 15/15
  5647 | D:8      | Reached skill level 5 in Shields
  5680 | D:8      | Reached skill level 5 in Axes
  5813 | D:8      | Found Izo Qiri's Assorted Antiques.
  5822 | D:8      | Bought a sedimented brown potion for 26 gold pieces
  5822 | D:8      | Bought a curved iron wand for 116 gold pieces
  6712 | D:9      | Reached skill level 5 in Throwing
  6830 | D:9      | Noticed Maurice
  6855 | D:9      | Slain by Maurice

Illustrated notes

Levels and vault maps discovered:
D:1:      ebering_trefoil_3fold, layout_basic, st_stairs_14, serial_bayou_ford_a
D:2:      layout_basic, hangedman_decor_growths, minmay_close_crescents
D:3:      layout_rooms, mainiacjoe_overflow_concentric_impassable,
          mainiacjoe_overflow_paths, shapermc_ecumenical_altar_acropolis,
          chequers_serial_rivers_micro_b
D:4:      layout_basic, riverfiend_overflow_shadow_ancestor,
          minmay_temple_entry_glass, uniq_sigmund
D:5:      layout_gridville
D:6:      layout_basic, xom_teletrap_fun, uniq_duvessa
D:7:      layout_loops_ring, enter_ossuary_3, roderic_batcave
D:8:      layout_layer_cave, minmay_lair_entry_grove, serial_shops,
          nicolae_lakefront_shop, serial_ice, serial_ice_o, serial_ice_d,
          serial_ice_k, serial_ice_a
D:9:      layout_loops_ring, nicolae_wwwww, uniq_maurice
Temple:   nicolae_temple_elliptical

Skill      XL: |  1  2  3  4  5  6  7  8  9 10 11 |
---------------+----------------------------------+-----
Polearms       | 1 2 3 4 5 7 |  7.2
Stealth        | 1 2 3 |  3.0
Throwing       | 1 2 3 4 5 |  5.0
Invocations    | 1 2 4 5 6 7 |  7.2
Evocations     | 1 2 3 4 5 6 |  6.5
Dodging        | 1 2 3 |  3.6
Armour         | 4 5 6 |  6.2
Fighting       | 4 5 |  5.2
Axes           | 4 5 |  5.2
Shields        | 4 5 |  5.3
Short Blades   | |  0.9

Action                     |  1- 3 |  4- 6 |  7- 9 | 10-12 || total
---------------------------+-------+-------+-------+-------++-------
  Melee: War axe           |    28 |       |       |       ||    28
         Halberd           |    77 |   116 |   216 |    65 ||   474
         Hand axe          |       |       |    25 |   711 ||   736
         Unarmed           |       |       |       |     3 ||     3
  Throw: Stone             |       |    12 |    35 |     6 ||    53
         Dart              |       |       |     8 |     4 ||    12
         Boomerang         |       |       |    18 |    46 ||    64
 Invoke: Heroism           |       |       |     2 |     6 ||     8
         Finesse           |       |       |       |     1 ||     1
  Evoke: Wand              |       |       |     4 |     6 ||    10
    Use: Scroll            |     2 |       |     1 |     2 ||     5
         Potion            |     1 |       |       |     1 ||     2
   Stab: Paralysed         |       |       |    10 |     7 ||    17
         Invisible         |       |       |       |     2 ||     2
         Sleeping          |       |       |       |     1 ||     1
 Armour: Scale mail        |    57 |    42 |    91 |   213 ||   403
         Steam dragon scal |       |       |       |    48 ||    48
  Dodge: Dodged            |    46 |    49 |   119 |   229 ||   443
  Block: Buckler           |    12 |       |       |       ||    12
         Tower shield      |       |       |    19 |   511 ||   530
